 Dungeon Crawl Stone Soup version 0.24.1-4-ge52af88ad5 (webtiles) character file.

Game seed: 18347906298589366309, levelgen mode: deterministic

105 Groucho the Poker (level 4, -2/35 HPs)
             Began as a Merfolk Gladiator on Apr 18, 2020.
             Killed from afar by an orc wizard (5 damage)
             ... with a magic dart
             ... on level 3 of the Dungeon.
             The game lasted 00:03:11 (1513 turns).

Groucho the Poker (Merfolk Gladiator)               Turns: 1513, Time: 00:03:12

Health: -2/35      AC:  4    Str: 14    XL:     4   Next: 81%
Magic:  4/4        EV: 14    Int:  7    God:
Gold:   45         SH:  0    Dex: 16    Spells: 3/3 levels left

rFire    . . .     SeeInvis .   a - +0 trident
rCold    . . .     Gourm    .   (no shield)
rNeg     . . .     Faith    .   b - +0 leather armour
rPois    .         Spirit   .   c - +0 helmet
rElec    .         Reflect  .   (no cloak)
rCorr    .         Harm     .   (no gloves)
MR       .....                  (no boots)
Stlth    +.........             (no amulet)
HPRegen  0.11/turn              (no ring)
MPRegen  0.09/turn              (no ring)

@: slowed, very slow
A: change form in water, swift swim, stealthy swim
a: no special abilities


You were on level 3 of the Dungeon.
You were not hungry.

You visited 1 branch of the dungeon, and saw 3 of its levels.

You collected 45 gold pieces.

Inventory:

Hand Weapons
 a - a +0 trident (weapon)
Missiles
 d - 3 throwing nets (quivered)
 i - 3 boomerangs
 m - 3 javelins
Armour
 b - a +0 leather armour (worn)
 c - a +0 helmet (worn)
Scrolls
 e - a scroll of enchant weapon {unknown}
 j - a scroll of remove curse {unknown}
 k - 2 scrolls of identify {unknown}
 l - a scroll of enchant armour {unknown}
Potions
 g - 2 potions of agility {unknown}
 h - a potion of flight {unknown}
 n - a potion of heal wounds {unknown}
Comestibles
 f - 8 rations


   Skills:
 + Level 3.3 Fighting
 + Level 5.4 Polearms
 - Level 2.0 Throwing
 + Level 1.3 Armour
 + Level 4.9 Dodging


You had 3 spell levels left.
You didn't know any spells.
Your spell library was empty.

Dungeon Overview and Level Annotations

Branches:
Dungeon (3/15)

Altars:
Qazlal
Trog
Zin
The Shining One


Message History

Unknown command.
Unknown command.
You barely miss something. Something hits you.
Something hits you but does no damage.
You barely miss something. Something hits you but does no damage.
You hear some strange, mumbled words.
A magic dart appears from out of thin air!
The magic dart hits you.
* * * LOW HITPOINT WARNING * * *
You miss something. Something barely misses you.
You hear some strange, mumbled words.
A puff of frost appears from out of thin air!
The puff of frost hits you.
* * * LOW HITPOINT WARNING * * *
You closely miss something. Something hits you.
* * * LOW HITPOINT WARNING * * *
You hear some strange, mumbled words.
A magic dart appears from out of thin air!
The magic dart hits you.
You die...

#########
...oo.oo#
#)# #@#
#)# #.#
#.# #.#
#.# #.#
#.# #.#


You could see 2 orcs.

Vanquished Creatures
  An orc wizard (D:3)
  3 adders (D:2)
  An ooze (D:1)
  A dart slug (D:1)
  A leopard gecko (D:2)
  An orc (D:3)
  9 bats
  3 giant cockroaches
  3 goblins
  5 hobgoblins
  4 kobolds
  2 ball pythons
  A frilled lizard (D:1)
  8 rats
  2 plants (D:2)
45 creatures vanquished.

Notes
Turn   | Place    | Note
-------+----------+-------------------------------------------
     0 | D:1      | Groucho the Merfolk Gladiator began the quest for the Orb.
     0 | D:1      | Reached XP level 1. HP: 16/16 MP: 1/1
    92 | D:1      | Reached XP level 2. HP: 23/23 MP: 2/2
   272 | D:1      | Found a glowing golden altar of the Shining One.
   577 | D:2      | Reached XP level 3. HP: 28/28 MP: 3/3
   601 | D:2      | Reached skill level 5 in Polearms
   846 | D:2      | Reached skill level 1 in Armour
  1118 | D:2      | Reached XP level 4. HP: 35/35 MP: 4/4
  1440 | D:3      | Found a glowing silver altar of Zin.
  1445 | D:3      | Found a stormy altar of Qazlal.
  1455 | D:3      | Found a bloodstained altar of Trog.
  1513 | D:3      | Killed from afar by an orc wizard

Levels and vault maps discovered:
D:1:      zelgadis_glass_arrival_small, layout_loops_ring, minmay_crystal_water,
          tso_metal_star
D:2:      layout_loops_ring, first_ration, minmay_misc_feat_more_columns,
          serial_bayou_lagoon_a
D:3:      layout_basic, lemuel_round_altar, grunt_temple_overflow_open,
          st_stairs_6, hangedman_decor_peaks_small,
          nemelex_xobeh_ov_fountains_minmay, uniq_grinder

Skill      XL: |  1  2  3 |
---------------+----------+-----
Polearms       | 5 |  5.4
Armour         | 1 |  1.3
Fighting       | 3 |  3.3
Throwing       | |  2.0
Dodging        | |  4.9

Action                   |  1- 3 |  4- 6 || total
-------------------------+-------+-------++-------
Melee: Trident           |   188 |    46 ||   234
       Tailslap          |    15 |       ||    15
 Stab: Sleeping          |     4 |     1 ||     5
  Eat: Chunk             |       |     2 ||     2
Armor: Leather armour    |    20 |    15 ||    35
Dodge: Dodged            |    47 |    28 ||    75
